AoeStats
← De1moS

Arabia

512622834Analyzed
1v1 RM · 9d ago on Oct 10, 2026· 28m 25s· 2 players
Game mode
Random Map
Map size
Tiny (2 player)
Population
200
Speed
Normal
Resources
Standard
Victory
Conquest
Starting age
Dark Age
Ending age
Imperial Age
RankedLock teamsTeams togetherTeam positionsShared explorationLock speedFull tech treeHidden civsTurbo modeCheats
Victory
Defeat
🇮🇳 Romans · India
1152
+16
vs
🇨🇳 Franks · China
1143
-16
280931900
7:16 Loom
9:48 Feudal Age
24:46 Castle Age
25:11 Double-Bit Axe
De1moS
6:39 Loom
9:23 Feudal Age
9:25 Man-at-Arms
12:46 Scale Mail Armor
15:12 Double-Bit Axe
20:48 Castle Age
19:30 Forging
21:09 Wheelbarrow
21:06 Long Swordsman
21:47 Squires
22:35 Chain Mail Armor
Connection lost

Rejoining the realm…

Still unreachable

The connection could not be restored.

Session expired

The server has moved on; the page needs a fresh start.